Map: [ESL] Cosmic Sapphire

Players

Dolan

  • Race: Terran Terran
  • Spawn Location: 5:00

Spirit - Winner!

  • Race: Terran Terran
  • Spawn Location: 11:00

Event: DreamHack SC2 Masters 2022 Valencia

VOD

Have the link to the VOD?

Description

Time

  • Played on: July 1, 2022, 11:30 a.m.
  • Length: 5:20

All games in this series

Show
View Real Time Build Order
Export as new Build Order

Dolan Terran 

Build Orders:  

Get SALT Encoding   

  12  0:00  SCV  
  13  0:12  SCV  
  14  0:16  Supply Depot  
  14  0:24  SCV  
  15  0:39  Barracks  
  15  0:42  Refinery  
  15  1:04  Barracks  
  15  1:09  SCV  
  16  1:24  Barracks  
  16  1:27  Reaper  
  17  1:37  Refinery  
  17  1:52  Reaper  
  18  2:01  Reaper  
  19  2:11  Reaper  
  19  2:15  Supply Depot  
  20  2:24  Reaper  
  21  2:33  Reaper  
  22  2:43  Reaper  
  23  2:56  Reaper  
  24  3:06  Reaper  
  25  3:16  Reaper  
  24  3:29  Reaper  
  23  3:38  Reaper  
  23  3:40  Orbital Command  
  23  3:47  Factory  
  22  4:01  Reaper x2  
  22  4:11  Reaper  
  22  4:12  SCV  
  23  4:29  SCV  
  23  4:33  Reaper  
  23  4:35  Reaper  
  23  4:36  Hellion  
  27  4:42  SCV  
  28  4:55  SCV  
  28  4:57  Hellion  
Show
View Real Time Build Order
Export as new Build Order

Spirit Terran - Winner!

Build Orders:  

Get SALT Encoding   

  12  0:00  SCV  
  13  0:13  Supply Depot  
  13  0:17  SCV  
  14  0:38  Barracks  
  14  0:39  Refinery  
  14  0:51  SCV  
  14  0:56  Refinery  
  15  1:03  SCV  
  16  1:17  Barracks  
  16  1:18  SCV  
  17  1:30  SCV  
  18  1:53  Orbital Command  
  17  1:54  Reaper  
  18  2:01  Factory  
  18  2:05  Reaper  
  19  2:19  SCV  
  20  2:24  Supply Depot  
  20  2:31  SCV  
  21  2:43  SCV  
  22  2:51  Hellion  
  24  2:55  SCV  
  24  2:58  Reaper  
  23  3:08  Reaper, Starport  
  20  3:20  Hellion  
  20  3:23  SCV  
  19  3:30  Reaper  
  18  3:40  Reaper  
  19  3:50  Medivac  
  20  3:57  Hellion  
  21  4:04  Reaper  
  21  4:06  SCV  
  23  4:12  Reaper  
  24  4:18  SCV  
  26  4:32  Hellion  
  27  4:40  Reaper  
  27  4:55  Hellion  
  29  5:06  Supply Depot  

Tags
 
Add a new tag
Caveats
  • Supply blocks, unpowered buildings, or Contaminate may cause inaccurate times.
  • Supply counts are checked every 10 seconds.